 Dungeon Crawl Stone Soup version 0.14.1-24-gbdbe590 (webtiles) character file.

281 NTRAFF the Ruinous (level 5, -2/31 HPs)
             Began as a High Elf Conjurer on July 1, 2014.
             Slain by a hound (3 damage)
             ... while paralysed by a potion of paralysis
             ... on Level 3 of the Dungeon.
             The game lasted 00:06:27 (2611 turns).

NTRAFF the Ruinous (High Elf Conjurer)              Turns: 2611, Time: 00:06:27

HP  -2/31        AC  3     Str  7      XL: 5   Next: 54%
MP  20/25        EV  2     Int 20      God:
Gold 74          SH  0     Dex 15      Spells:  4 memorised,  2 levels left

rFire  . . .     SeeInvis .     m - +0 long sword
rCold  . . .     Clarity  .     i - +0 leather armour
rNeg   . . .     Conserve .     (no shield)
rPois  .         rCorr    .     (no helmet)
rElec  .         rRot     .     (no cloak)
SustAb . .       Spirit   .     (no gloves)
rMut   .         Warding  .     (no boots)
Saprov . . .     Stasis   .     (no amulet)
MR     .....                    (no ring)
                                h - ring of magical power

@: paralysed, lethally poisoned, not resistant to hostile enchantments, fairly
stealthy
A: no striking features
a: no special abilities


You were on level 3 of the Dungeon.
You were not hungry.

You visited 1 branch of the dungeon, and saw 3 of its levels.

You collected 74 gold pieces.

Inventory:

Hand weapons
 e - a +2,+1 dagger of speed
 m - a +0,+0 long sword (weapon)
Missiles
 n - 9 poisoned needles
Armour
 i - a +0 leather armour (worn)
Comestibles
 a - 3 chunks of gnoll flesh
 b - 3 bread rations
 o - an apple
Scrolls
 f - a scroll of noise {unknown}
 g - a scroll of identify
 j - 3 scrolls of teleportation
Jewellery
 h - a ring of magical power (left hand)
Potions
 d - a potion of restore abilities
 l - a potion of agility {unknown}
Books
 c - a book of Conjurations

   Spells                             Type                      Level
   *Magic Dart                        Conjuration                  1
   *Searing Ray                       Conjuration                  2
   *Dazzling Spray                    Conjuration/Hexes            3
   Fulminant Prism                    Conjuration/Hexes            4
   *Iskenderun's Mystic Blast         Conjuration                  4
   Iskenderun's Battlesphere          Conjuration/Charms           5


   Skills:
 - Level 2.1 Dodging
 - Level 2.1 Stealth
 - Level 4.0 Spellcasting
 + Level 6.8 Conjurations


You had 2 spell levels left.
You knew the following spells:

 Your Spells              Type           Power        Failure   Level  Hunger
a - Magic Dart            Conj           ####         1%          1    None
b - Searing Ray           Conj           ####..       1%          2    #......
c - Dazzling Spray        Conj/Hex       ###.....     12%         3    ###....
d - Iskenderun's Mystic   Conj           ####....     10%         4    ####...


Dungeon Overview and Level Annotations

Branches:
Dungeon (3/15)

Altars:


Message History

Press: ? - help, Shift-Dir - straight line, f/p - adder
Aim: an adder (almost dead)
The magic dart hits the adder.
You kill the adder!
* * * LOW HITPOINT WARNING * * *
You feel sick. The hound bites you.
* * * LOW HITPOINT WARNING * * *
Casting: Magic Dart
Confirm with . or Enter, or press ? or * to list all spells.
Aiming: Dazzling Spray
Press: ? - help, Shift-Dir - straight line, f - hound
Aim: a hound
Okay, then.
Drink which item? (? for menu, Esc to quit)
You suddenly lose the ability to move!
It was a potion of paralysis.
* * * LOW HITPOINT WARNING * * *
You feel sick. The hound bites you.
* * * LOW HITPOINT WARNING * * *
The hound bites you.
You die...

# .## ##
..# #(##.#
..#.#
#%.###
#@#.## #
##h.#.#
#.#..#.##
#...#.###
##......#
#)......#
#.#......#
#.##.....#
. #.....#


You could see a hound.

Vanquished Creatures
  Sigmund (D:2)
  4 adders
  4 gnolls (D:3)
  4 giant geckos
  2 oozes (D:2)
  An orc (D:3)
  A ball python (D:3)
  4 giant cockroaches
  7 goblins
  8 hobgoblins
  A quokka (D:2)
  4 bats
  4 giant newts
  10 kobolds
  6 rats
61 creatures vanquished.

Notes
Turn   | Place    | Note
--------------------------------------------------------------
     0 | D:1      | NTRAFF, the High Elf Conjurer, began the quest for the Orb.
     0 | D:1      | Reached XP level 1. HP: 11/11 MP: 4/4
   278 | D:1      | Reached XP level 2. HP: 1/17 MP: 1/7
   710 | D:1      | Learned a level 2 spell: Searing Ray
  1193 | D:2      | Noticed Sigmund
  1483 | D:2      | Reached XP level 3. HP: 21/21 MP: 11/11
  1488 | D:2      | Learned a level 3 spell: Dazzling Spray
  2040 | D:2      | Killed Sigmund
  2040 | D:2      | Reached skill level 5 in Conjurations
  2040 | D:2      | Reached XP level 4. HP: 10/27 MP: 2/14
  2090 | D:2      | Learned a level 4 spell: Iskenderun's Mystic Blast
  2117 | D:2      | Reached skill level 6 in Conjurations
  2391 | D:3      | Reached XP level 5. HP: 31/31 MP: 16/16
  2611 | D:3      | Paralysed by a potion of paralysis for 3 turns
  2611 | D:3      | HP: 1/31 [hound (2)]
  2611 | D:3      | Slain by a hound

Action                   |  1- 3 |  4- 6 || total
-------------------------+-------+-------++-------
Melee: Dagger            |    13 |       ||    13
       Short sword       |     2 |       ||     2
       Long sword        |       |     2 ||     2
 Cast: Magic Dart        |    77 |    34 ||   111
       Searing Ray       |     4 |     3 ||     7
       Dazzling Spray    |     1 |     1 ||     2
  Use: Scroll            |     2 |       ||     2
       Potion            |       |     1 ||     1
 Stab: Sleeping          |     1 |       ||     1
